 Dungeon Crawl Stone Soup version 0.32-a0-981-g384da2ce10 (webtiles) character file.

Game seed: 13158514192090091519

72 mitya21 the Ruffian (level 4, -1/32 HPs)
             Began as a Demonspawn Shapeshifter on Apr 21, 2024.
             Slain by a thrashing horror (11 damage)
             ... on level 1 of the Abyss.
             The game lasted 00:03:15 (1930 turns).

mitya21 the Ruffian (Demonspawn Shapeshifter)       Turns: 1930, Time: 00:03:16

Health: -1/32      AC:  2    Str: 15    XL:     4   Next: 7%
Magic:  4/4        EV: 11    Int: 10    God:
Gold:   63         SH:  0    Dex: 14    Spells: 3/3 levels left

rFire   . .          .
                       - Unarmed
rCold   . . .        (no shield)
rNeg    . . .        a - +0 animal skin
rPois   .            (helmet currently unavailable)
rElec   .            (cloak currently unavailable)
rCorr   .            (gloves currently unavailable)
SInv    .            (boots currently unavailable)
Will    .....        (no amulet)
Stlth   +            (no ring)
HPRegen 0.25/turn    (no ring)
MPRegen 0.09/turn

%: no passive effects
@: beast-form
A: beast (slay +1), antennae 1, claws 1, weakness stinger 1
a: Begin Untransformation


You were on level 1 of the Abyss.
You were a hulking beast.
You visited 1 branch of the dungeon, and saw 3 of its levels.
You visited the Abyss 1 time.

You collected 63 gold pieces.

Inventory:

Armour
 a - a +0 animal skin (worn)
Talismans
 c - a beast talisman (active)
 d - a flux talisman
Scrolls
 f - 2 scrolls of identify {unknown}
 g - a scroll of brand weapon {unknown}
 h - a scroll of poison {unknown}
 i - a scroll of amnesia {unknown}
 j - a scroll of enchant armour {unknown}
Potions
 b - a potion of lignification
 e - a potion of curing


   Skills:
 + Level 1.1 Fighting
 + Level 2.1 Dodging
 + Level 3.5 Unarmed Combat
 * Level 3.4 Shapeshifting


You had 3 spell levels left.
You didn't know any spells.
Your spell library was empty.

Dungeon Overview and Level Annotations

Branches:
Dungeon (3/15)

Altars:

Shops:
D:2 :


Innate Abilities, Weirdness & Mutations

You are a hulking beast.
Your limbs bulge with bestial killing power. (Slay +1)
You have a pair of small antennae on your head.
You have sharp fingernails.
You have a small tail.


Message History

You kill the orc!
You climb downwards.
The orc hits you with a +1 falchion of distortion.
You are cast into the Abyss!
This branch contains the abyssal rune of Zot.
A thrashing horror erupts from nowhere.
Found a corrupted altar of Lugonu.
The thrashing horror roars!
The thrashing horror barely misses you. x2
The thrashing horror tramples you but does no damage.
The thrashing horror tramples you.
You hold your ground!
The thrashing horror tramples you.
You stumble backwards!
You scratch the thrashing horror but do no damage.
The thrashing horror closely misses you.
The thrashing horror tramples you but does no damage.
You scratch the thrashing horror.
Your tail-slap misses the thrashing horror.
The thrashing horror is lightly damaged.
The thrashing horror barely misses you. The thrashing horror tramples you.
You hold your ground!
The thrashing horror completely misses you.
The thrashing horror closely misses you.
The thrashing horror tramples you.
You hold your ground!
The thrashing horror tramples you.
You hold your ground!
You closely miss the thrashing horror. The thrashing horror misses you.
The thrashing horror tramples you but does no damage.
The thrashing horror tramples you!
* * * LOW HITPOINT WARNING * * *
You hold your ground!
The thrashing horror closely misses you.
It was a potion of curing.
You feel better.
You feel better. The thrashing horror tramples you.
You stumble backwards!
The thrashing horror barely misses you.
The thrashing horror completely misses you.
You scratch the thrashing horror.
The thrashing horror is lightly damaged.
The thrashing horror completely misses you.
The thrashing horror tramples you.
You hold your ground!
The thrashing horror tramples you!
You die...

# # ...#
###.#.####
##.#.#..#.# ###
#..#.... #. ...#
..........# #..
#...#...###.#
#.......h#..
##......X........
#.........#......
###...#########..
#....##.##
#........##
#........ #
#....#.#..#
#....#.##..
####....


You could see a thrashing horror.

Vanquished Creatures
  An adder (D:2)
  2 dart slugs (D:2)
  2 orcs (D:2)
  7 bats
  6 endoplasms
  2 giant cockroaches
  7 hobgoblins
  6 jackals (D:2)
  5 kobolds
  2 quokkas (D:1)
  4 ball pythons
  2 frilled lizards
  2 goblins
  2 rats (D:1)
50 creatures vanquished.

Notes
Turn   | Place    | Note
-------+----------+-------------------------------------------
     0 | D:1      | mitya21 the Demonspawn Shapeshifter began the quest for the
                  | Orb.
     0 | D:1      | Reached XP level 1. HP: 15/15 MP: 1/1
   102 | D:1      | Discovered your monstrous ancestry.
   102 | D:1      | Gained mutation: You have a pair of small antennae on your
                  | head. [demonic ancestry]
   102 | D:1      | Reached XP level 2. HP: 21/21 MP: 2/2
   714 | D:1      | Gained mutation: You have a small tail. [demonic ancestry]
   714 | D:1      | Reached XP level 3. HP: 24/26 MP: 3/3
   819 | D:1      | Found a faded altar of an unknown god.
  1815 | D:2      | Found Xoraestry's Book Emporium.
  1825 | D:2      | Gained mutation: You have sharp fingernails. [demonic
                  | ancestry]
  1825 | D:2      | Reached XP level 4. HP: 32/32 MP: 4/4
  1901 | Abyss:1  | Cast into level 1 of the Abyss (orc)
  1912 | Abyss:1  | Noticed a thrashing horror
  1912 | Abyss:1  | Found a corrupted altar of Lugonu.
  1926 | Abyss:1  | HP: 1/32 [thrashing horror (9)]
  1930 | Abyss:1  | Slain by a thrashing horror

Illustrated notes

Levels and vault maps discovered:
D:1:      dpeg_arrival_orchard, layout_loops_cross,
          shapermc_ecumenical_altar_mp_vishouse
D:2:      layout_loops_corners, serial_shops, shop
D:3:      layout_loops_ring
Abyss:1:  base:
D:3

Skill      XL: |  1  2  3 |
---------------+----------+-----
Shapeshifting  | 3 |  3.4
Unarmed Combat | 3 |  3.5
Dodging        | 2 |  2.1
Fighting       | |  1.1

Action                     |  1- 3 |  4- 6 || total
---------------------------+-------+-------++-------
  Melee: Unarmed           |   136 |     6 ||   142
         Punch             |     1 |       ||     1
         Tailslap          |     7 |       ||     7
    Use: Potion            |       |     2 ||     2
   Stab: Sleeping          |     2 |       ||     2
 Armour: Animal skin       |    66 |    14 ||    80
  Dodge: Dodged            |    85 |    13 ||    98

Table legend: (Time is in decaauts)
 A = Elapsed time spent in this place.
 B = Non-inter-level travel time spent in this place.
 C = Inter-level travel time spent in this place.
 D = Time resting spent in this place.
 E = Time spent auto-exploring this place.
 F = Levels seen in this place.
 G = Mean time per level.
                   A        B        C        D        E       F      G
               +--------+--------+--------+--------+--------+-----+--------+
         Total |   1922 |   1802 |    120 |      0 |   1499 |   4 |  480.5 |
       Dungeon |   1894 |   1774 |    120 |      0 |   1489 |   3 |  631.3 |
         Abyss |     28 |     28 |      0 |      0 |     10 |   1 |   28.0 |
               +--------+--------+--------+--------+--------+-----+--------+

Top non-repeatable levels by time:
     D:1: 953 daAuts
     D:2: 936 daAuts
 Abyss:1: 28 daAuts
     D:3: 4 daAuts
